Map: Glittering Ashes LE

Players

llllllllllll (Demi)

  • Race: Zerg Zerg

Prince - Winner!

  • Race: Protoss Protoss
  • League: Master

VOD

Have the link to the VOD?

Description

Time

  • Played on: March 18, 2022, 1:12 a.m.
  • Length: 9:40
Show
View Real Time Build Order
Export as new Build Order

llllllllllll Zerg 

Build Orders: Hatch First 

Get SALT Encoding   

  12  0:00  Drone  
  13  0:12  Overlord  
  13  0:16  Drone  
  14  0:30  Drone x2  
  16  0:48  Hatchery  
  15  0:51  Drone  
  15  0:54  Drone  
  17  0:57  Drone  
  18  1:09  Extractor  
  17  1:15  Spawning Pool  
  17  1:17  Drone  
  17  1:20  Drone  
  18  1:28  Drone  
  19  1:39  Drone  
  20  1:51  Overlord  
  20  2:00  Drone x2  
  20  2:01  Queen x2  
  26  2:10  Metabolic Boost  
  26  2:12  Zergling x2  
  26  2:14  Drone  
  28  2:21  Drone  
  28  2:22  Drone  
  30  2:35  Drone x2  
  32  2:43  Hatchery  
  31  2:44  Queen  
  31  2:48  Overlord  
  33  2:52  Drone  
  33  2:55  Drone x2  
  36  3:06  Overlord, Queen  
  36  3:10  Drone x2  
  36  3:11  Drone  
  41  3:14  Drone  
  41  3:15  Drone  
  41  3:16  Drone  
  44  3:20  Overlord  
  44  3:29  Overlord  
  44  3:31  Queen  
  46  3:34  Drone x2  
  46  3:35  Drone  
  49  3:43  Overlord  
  49  3:45  Drone x2  
  49  3:46  Drone  
  52  3:53  Drone x2  
  54  3:56  Drone, Spore Crawler  
  54  4:01  Queen  
  56  4:03  Drone x4  
  56  4:05  Spore Crawler  
  56  4:08  Zergling x4  
  61  4:14  Zergling x2  
  61  4:16  Drone x2  
  64  4:19  Overlord  
  64  4:21  Drone x2  
  66  4:24  Roach Warren  
  66  4:25  Drone  
  66  4:30  Lair, Extractor x2  
  64  4:34  Drone  
  64  4:35  Drone x2  
  66  4:39  Drone x2  
  66  4:42  Drone x3  
  71  4:46  Drone  
  71  4:48  Drone x2  
  71  4:49  Drone x2  
  71  4:52  Drone  
  77  4:54  Extractor  
  77  4:55  Extractor  
  77  4:56  Overlord  
  77  4:57  Drone x3  
  77  4:58  Extractor  
  77  4:59  Queen  
  79  5:07  Overlord  
  79  5:13  Drone  
  79  5:14  Hatchery  
  79  5:19  Drone x2  
  80  5:23  Drone x2  
  80  5:24  Drone x2  
  80  5:27  Overlord x2  
  80  5:28  Evolution Chamber  
  83  5:32  Drone x2  
  85  5:36  Glial Reconstitution, Pneumatized Carapace  
  85  5:37  Overseer  
  85  5:42  Zergling x10, Spire  
  89  5:50  Overlord  
  89  5:52  Drone  
  89  5:53  Drone, Queen  
  89  5:57  Drone x6  
  94  6:03  Zerg Missile Weapons Level 1  
  99  6:04  Overlord  
  99  6:05  Overlord  
  99  6:08  Extractor x2  
  99  6:09  Overlord  
  97  6:12  Drone x4  
  101  6:22  Drone x2  
  103  6:31  Overlord, Queen  
  103  6:38  Drone x2  
  105  6:45  Queen  
  107  6:51  Queen  
  106  7:05  Corruptor  
  106  7:06  Corruptor x11  
  123  7:14  Corruptor  
  123  7:15  Corruptor x2  
  129  7:26  Roach  
  129  7:27  Roach x8  
  147  7:33  Overlord x4  
  147  7:35  Overlord  
  147  7:41  Corruptor x2  
  151  7:55  Ravager x3  
  151  7:56  Ravager x6  
  151  7:58  Corruptor  
  160  8:00  Zergling x10  
  160  8:01  Zergling x2  
  168  8:07  Zergling x16, Queen  
  168  8:08  Queen  
  180  8:17  Roach x2  
  180  8:18  Zergling x10, Roach  
  191  8:21  Overlord x2  
  191  8:29  Overlord x2  
  186  8:51  Corruptor x5  
  186  8:52  Corruptor x2  
Show
View Real Time Build Order
Export as new Build Order

Prince Protoss - Winner!

Build Orders: 1 Gate Expand, Oracle Opening 

Get SALT Encoding   

  12  0:00  Probe  
  13  0:13  Pylon  
  13  0:17  Probe (Chrono Boost)  
  14  0:27  Probe (Chrono Boost)  
  15  0:32  Probe (Chrono Boost)  
  16  0:38  Gateway  
  16  0:43  Probe  
  16  0:49  Assimilator  
  17  0:56  Probe  
  18  1:08  Probe  
  19  1:20  Probe  
  20  1:27  Nexus  
  20  1:38  Cybernetics Core  
  20  1:40  Probe  
  20  1:46  Assimilator  
  21  1:52  Probe  
  22  1:54  Pylon  
  22  2:04  Probe (Chrono Boost)  
  23  2:15  Probe (Chrono Boost), Adept  
  26  2:18  Stargate  
  26  2:21  Probe (Chrono Boost)  
  26  2:26  Warp Gate  
  27  2:33  Probe (Chrono Boost)  
  28  2:40  Probe (Chrono Boost)  
  28  2:42  Probe (Chrono Boost)  
  30  2:46  Adept  
  30  2:48  Probe (Chrono Boost)  
  30  2:50  Probe (Chrono Boost)  
  34  2:53  Probe (Chrono Boost)  
  35  2:59  Probe  
  40  3:06  Probe  
  40  3:08  Void Ray (Chrono Boost)  
  41  3:13  Pylon  
  41  3:14  Probe  
  41  3:18  Probe  
  43  3:26  Probe  
  44  3:30  Probe  
  45  3:37  Oracle (Chrono Boost)  
  45  3:38  Probe  
  49  3:43  Probe  
  50  3:50  Probe, Nexus  
  50  3:52  Pylon  
  52  3:55  Probe  
  52  3:56  Assimilator  
  52  3:57  Assimilator  
  52  4:03  Probe  
  52  4:07  Probe  
  54  4:15  Probe  
  55  4:19  Probe, Pylon  
  55  4:21  Fleet Beacon  
  56  4:26  Stargate  
  56  4:27  Probe  
  57  4:32  Probe  
  58  4:39  Probe  
  58  4:44  Probe  
  60  4:46  Shield Battery  
  60  4:48  Pylon  
  60  4:52  Probe (Chrono Boost)  
  61  4:56  Probe (Chrono Boost)  
  62  5:03  Probe (Chrono Boost)  
  62  5:05  Probe (Chrono Boost)  
  62  5:06  Probe (Chrono Boost)  
  71  5:08  Probe (Chrono Boost)  
  71  5:10  Probe (Chrono Boost), Assimilator  
  71  5:11  Carrier (Chrono Boost)  
  71  5:14  Probe  
  74  5:18  Assimilator  
  74  5:19  Carrier (Chrono Boost), Probe  
  81  5:23  Probe  
  81  5:26  Probe  
  83  5:31  Probe  
  83  5:35  Probe  
  85  5:38  Probe  
  85  5:41  Pylon, Nexus  
  86  5:43  Probe, Pylon  
  87  5:50  Probe x2  
  87  5:53  Robotics Facility  
  87  5:55  Probe  
  90  6:03  Forge  
  94  6:06  Void Ray (Chrono Boost)  
  94  6:10  Probe x3  
  101  6:12  Void Ray (Chrono Boost), Flux Vanes  
  98  6:21  Gateway  
  98  6:27  Probe  
  98  6:28  Probe x2  
  100  6:39  Twilight Council  
  104  6:42  Gateway  
  104  6:43  Void Ray  
  104  6:45  Protoss Air Weapons Level 1  
  104  6:46  Gateway  
  108  6:48  Void Ray  
  108  6:53  Probe x2  
  108  6:54  Probe  
  110  6:59  Probe  
  109  7:05  Probe  
  109  7:06  Probe x2  
  110  7:13  Probe  
  111  7:15  Photon Cannon  
  111  7:16  Gateway, Pylon  
  111  7:18  Probe x2, Protoss Ground Weapons Level 1  
  111  7:19  Charge  
  113  7:25  Assimilator  
  113  7:26  Pylon  
  113  7:28  Pylon  
  113  7:29  Assimilator  
  113  7:30  Observer (Chrono Boost)  
  113  7:31  Robotics Bay  
  118  7:38  Shield Battery  
  118  7:40  Void Ray  
  118  7:41  Shield Battery  
  118  7:44  Photon Cannon  
  118  7:46  Photon Cannon, Pylon  
  122  7:51  Shield Battery  
  122  7:52  Templar Archives  
  122  7:53  Photon Cannon  
  122  7:55  Probe x4  
  122  7:57  Void Ray  
  126  8:00  Gateway  
  126  8:02  Gateway  
  126  8:04  Zealot  
  128  8:07  Gateway  
  128  8:08  Gateway  
  128  8:15  Photon Cannon  
  128  8:18  Disruptor (Chrono Boost), Photon Cannon  
  128  8:22  Shield Battery  
  135  8:28  Pylon  
  135  8:30  Void Ray, Pylon  
  135  8:32  High Templar x4  
  143  8:37  Archon x2  
  143  8:46  Disruptor  
  125  8:56  Pylon  
  125  9:00  Pylon  
  125  9:02  Pylon  
  129  9:03  Void Ray  
  129  9:04  Pylon  
  129  9:05  Pylon  
  129  9:07  High Templar x2  
  133  9:13  Archon  
  132  9:30  Zealot x5  
Tags
 
Add a new tag
Caveats
  • Supply blocks, unpowered buildings, or Contaminate may cause inaccurate times.
  • Supply counts are checked every 10 seconds.